 Dungeon Crawl Stone Soup version 0.18-b1-16-g289874d (webtiles) character file.

17009 graki42 the Thaumaturge (level 12, -1/61 HPs)
             Began as a Deep Elf Fire Elementalist on May 2, 2016.
             Was a High Priest of Vehumet.
             Slain by a swamp worm (5 damage)
             ... on level 3 of the Lair of Beasts.
             The game lasted 02:21:40 (12039 turns).

graki42 the Thaumaturge (DEFE)                     Turns: 12039, Time: 02:21:41

Health: -1/61      AC: 13    Str:  8    XL:     12   Next: 15%
Magic:  18/42      EV: 20    Int: 28    God:    Vehumet [*****.]
Gold:   528        SH:  0    Dex: 15    Spells: 10 memorised, 4 levels left

rFire  + . .     SeeInvis .     a - staff of fire
rCold  . . .     Gourm    .     G - +2 robe
rNeg   . . .     Faith    +     (no shield)
rPois  .         Spirit   .     s - +3 hat of Pondering {ponderous, MR+ MP+10 Int+5}
rElec  .         Dismiss  .     x - +0 cloak
rCorr  .         Reflect  .     (no gloves)
SustAt .         Harm     .     (no boots)
MR     ++...                    y - amulet of faith
Stlth  ++........               b - +5 ring of protection
                                H - +4 ring of evasion

@: delayed fireball, slow, very resistant to hostile enchantments, unstealthy
A: no striking features
a: Renounce Religion, Release Delayed Fireball


You were on level 3 of the Lair of Beasts.
You worshipped Vehumet.
Vehumet was extremely pleased with you.
You were not hungry.

You visited 3 branches of the dungeon, and saw 14 of its levels.
You also visited: Sewer.

You collected 528 gold pieces.

Inventory:

Hand Weapons
 d - the +6 spear "Puicipe" {venom, *Rage rPois MR++ SInv}
   (You found it on level 5 of the Dungeon)

   It poisons the flesh of those it strikes.
   It protects you from poison.
   It affects your resistance to hostile enchantments.
   It lets you see invisible.
   It may make you go berserk in combat.
 l - a +2 whip of draining
Armour
 s - the +3 hat of Pondering (worn) {ponderous, MR+ MP+10 Int+5}
   (You took it off Gastronok on level 2 of the Lair of Beasts)

   It affects your intelligence (+5).
   It affects your resistance to hostile enchantments.
   It affects your magic capacity (+10).
 x - a +0 cloak (worn)
 G - a +2 robe (worn)
Magical Staves
 a - an uncursed staff of fire (weapon)
Rods
 E - a +2 iron rod (13/13)
   (You found it on level 2 of the Lair of Beasts)
Jewellery
 b - a +5 ring of protection (right hand)
 y - an amulet of faith (around neck)
 D - an uncursed ring of poison resistance
 H - a +4 ring of evasion (left hand)
Wands
 h - a wand of acid (11/15)
 r - a wand of random effects (42/48)
Scrolls
 j - a scroll of amnesia
 n - 2 scrolls of immolation
 p - 5 scrolls of teleportation
 q - 2 scrolls of fear
 t - 5 scrolls of remove curse
 B - 2 scrolls of blinking
 J - a scroll of fog
Potions
 e - 7 potions of curing
 i - a potion of might
 k - 2 potions of invisibility {unknown}
 m - 2 potions of brilliance
 o - 4 potions of flight {unknown}
 u - 2 potions of ambrosia
 w - 2 potions of haste
 A - 2 potions of degeneration {unknown}
 F - 3 potions of heal wounds
 K - 2 potions of agility {unknown}
Comestibles
 c - 18 bread rations
 f - 3 beef jerkies
 g - 9 fruits
 v - 2 meat rations
 z - 2 chunks of flesh


   Skills:
 + Level 1.2 Fighting
 + Level 0.5 Maces & Flails
 + Level 6.5 Dodging
 + Level 5.5 Stealth
 + Level 14.4 Spellcasting
 + Level 11.6 Conjurations
 + Level 3.1 Hexes
 + Level 2.3 Charms
 + Level 0.4 Translocations
 + Level 10.8 Fire Magic
   Level 3.7 Earth Magic
 + Level 0.4 Evocations


You had 4 spell levels left.
You knew the following spells:

 Your Spells              Type           Power        Failure   Level  Hunger
a - Flame Tongue          Conj/Fire      #####        1%          1    None
b - Conjure Flame         Conj/Fire      #######.     1%          3    None
c - Inner Flame           Hex/Fire       ######..     1%          3    None
d - Sticky Flame          Conj/Fire      #######.     1%          4    None
e - Fireball              Conj/Fire      #######...   1%          5    None
f - Iskenderun's Mystic   Conj           ######..     1%          4    None
g - Shroud of Golubria    Chrm/Tloc      ####......   1%          2    None
h - Iskenderun's Battles  Conj/Chrm      ######..     1%          5    None
i - Delayed Fireball      Conj/Fire      N/A          7%          7    #####..
j - Bolt of Fire          Conj/Fire      #######...   1%          6    ####...


Dungeon Overview and Level Annotations

Branches:
Dungeon (10/15)            Temple (1/1) D:4            Lair (3/8) D:10
    Orc (0/2) D:9
  Swamp: Lair:3-6    Shoals: Lair:3-6     Snake: Lair:3-6    Spider: Lair:3-6

Altars:
Ashenzari
Dithmenos
Fedhas
Gozag
Kikubaaqudgha
Makhleb
Nemelex Xobeh
Okawaru
Pakellas
Qazlal
Ru
Sif Muna
Vehumet
Xom
Zin

Shops:
D:8 (

Annotations:
D:3 1 runed door


Message History

Confirm with . or Enter, or press ? or * to list all spells.
Aiming: Iskenderun's Mystic Blast
Press: ? - help, Shift-Dir - straight line, f/p - swamp worm
Aim: a swamp worm (almost dead)
The orb of energy hits the swamp worm.
You kill the swamp worm!
Vehumet accepts your kill.
You feel your power returning.
The orb of energy explodes!
A swamp worm bursts forth from the water.
The swamp worm completely misses you.
A swamp worm bursts forth from the water.
The swamp worm bites you!!
* * * LOW HITPOINT WARNING * * *
A swamp worm bursts forth from the water.
The swamp worm closely misses you.
The swamp worm bites you but does no damage.
The swamp worm completely misses you. The swamp worm bites you.
* * * LOW HITPOINT WARNING * * *
The swamp worm bites you.
You die...

######........##....
#####..##..............#
#.......................
##..≈###................
##..≈≈≈≈≈≈≈.###..........
##≈≈≈≈≈≈†≈≈≈≈≈#...........
#≈≈≈≈#######≈≈≈...........
#≈≈≈≈#≈≈≈w≈##≈≈.....P.....
#≈≈≈≈†≈††@w(#≈≈≈..........
##≈≈≈#≈≈≈w≈##≈≈###..#.....
#≈≈≈#######≈≈≈.##..#.....
#.≈≈≈≈≈≈≈≈≈≈≈............
#.≈.≈≈≈≈≈≈≈..............
#....####.....%..........
###... #................
#...# #....#$....#.....
.........##.........


You could see 3 swamp worms.

Vanquished Creatures
  Gastronok (Lair:2)
  Erolcha (D:9)
  A hydra (Lair:2)
  An ice dragon (Lair:2)
  Erica (Lair:2)
  Pikel (D:6)
  A cyclops (D:8)
  An elephant (D:10)
  2 black mambas
  2 komodo dragons
  2 spiny frogs (Lair:1)
  2 trolls
  Prince Ribbit (D:6)
  5 blink frogs (Lair:3)
  Sigmund (D:6)
  A spriggan (D:7)
  A wyvern (Lair:3)
  A basilisk (Lair:2)
  6 yaks
  3 hippogriffs
  2 hungry ghosts (D:9)
  2 swamp worms (Lair:3)
  A water moccasin (Lair:2)
  Duvessa (D:6)
  7 porcupines (Lair:1)
  Purgy (Sewer)
  A phantom (D:6)
  A necrophage (D:8)
  3 sky beasts
  3 centaurs
  4 ogres
  3 crocodiles
  12 giant frogs
  Dowan (D:6)
  3 scorpions
  A troll zombie (D:9)
  8 killer bees
  5 wights (D:9)
  3 howler monkeys
  An electric eel (Lair:2)
  4 crimson imps
  A centaur zombie (D:8)
  2 quasits
  4 hounds
  2 jellies
  5 orc wizards
  3 orc priests
  2 centaur skeletons
  2 giant frog skeletons
  2 iguanas
  2 worker ants
  Terence (D:2)
  2 sheep (D:10)
  7 ogre zombies (D:9)
  A hound skeleton (D:4)
  13 adders
  4 gnolls
  44 river rats
  A shadow imp (D:7)
  An ooze (D:1)
  2 adder skeletons (D:5)
  2 adder zombies
  19 worms
  3 dart slugs
  5 giant geckos
  21 orcs
  7 bats
  7 giant cockroaches
  6 goblins
  5 hobgoblins
  5 jackals
  8 quokkas
  3 ball pythons
  7 giant newts
  A goblin skeleton (D:9)
  A goblin zombie (D:9)
  2 hobgoblin skeletons (D:9)
  2 hobgoblin zombies (D:9)
  A jackal zombie (D:5)
  10 kobolds
  3 orc skeletons (D:9)
  16 orc zombies (D:9)
  10 rats
  3 plants (Lair:3)
350 creatures vanquished.

Vanquished Creatures (others)
  A jelly (D:6)
  A worker ant (D:6)
  An adder (D:6)
  A plant (Lair:3)
4 creatures vanquished.

Grand Total: 354 creatures vanquished

Notes
Turn   | Place    | Note
--------------------------------------------------------------
     0 | D:1      | graki42 the Deep Elf Fire Elementalist began the quest for the Orb.
     0 | D:1      | Reached XP level 1. HP: 10/10 MP: 6/6
   158 | D:1      | Reached XP level 2. HP: 15/15 MP: 2/8
   243 | D:1      | Reached XP level 3. HP: 19/19 MP: 3/10
   642 | D:2      | Learned a level 3 spell: Conjure Flame
   646 | D:2      | Learned a level 3 spell: Inner Flame
   664 | D:2      | Found a shattered altar of Ashenzari.
   844 | D:2      | Found a burning altar of Makhleb.
   878 | D:2      | Noticed Terence
   885 | D:2      | Killed Terence
   885 | D:2      | Reached skill level 4 in Spellcasting
   885 | D:2      | Reached XP level 4. HP: 24/24 MP: 3/12
  1476 | D:3      | Reached XP level 5. HP: 28/28 MP: 7/13
  1484 | D:3      | Found a glowing drain.
  1493 | Sewer    | Entered a sewer
  1912 | Sewer    | Noticed Purgy
  1922 | Sewer    | Killed Purgy
  1922 | Sewer    | Reached skill level 5 in Spellcasting
  2009 | D:3      | Found a glowing silver altar of Zin.
  2009 | D:3      | Noticed an angel
  2010 | D:3      | Found a runed door.
  2229 | D:3      | Reached XP level 6. HP: 32/32 MP: 13/16
  2376 | D:4      | Reached skill level 5 in Fire Magic
  2382 | D:4      | Learned a level 4 spell: Sticky Flame
  2388 | D:4      | Learned a level 5 spell: Fireball
  2467 | D:4      | Found a staircase to the Ecumenical Temple.
  2476 | Temple   | Entered the Ecumenical Temple
  2484 | Temple   | Became a worshipper of Vehumet
  2831 | D:4      | Found a sparkling altar of Nemelex Xobeh.
  2922 | D:4      | Reached skill level 6 in Spellcasting
  3069 | D:5      | Entered Level 5 of the Dungeon
  3458 | D:5      | Reached XP level 7. HP: 36/36 MP: 14/18
  3613 | D:5      | Reached * piety under Vehumet
  3613 | D:5      | Offered knowledge of Freeze by Vehumet.
  3619 | D:5      | Learned a level 3 spell: Stone Arrow
  3901 | D:5      | Got a dazzling spear
  3902 | D:5      | Identified the +6 spear "Puicipe" {venom, *Rage rPois MR++ SInv} (You found it on level 5 of the Dungeon)
  4098 | D:6      | Found an iron altar of Okawaru.
  4186 | D:6      | Reached skill level 1 in Hexes
  4190 | D:6      | Noticed Dowan
  4191 | D:6      | Noticed Duvessa
  4199 | D:6      | Killed Dowan
  4199 | D:6      | Reached skill level 7 in Spellcasting
  4204 | D:6      | Killed Duvessa
  4214 | D:6      | Noticed Prince Ribbit
  4319 | D:6      | Killed Prince Ribbit
  4319 | D:6      | Reached skill level 5 in Conjurations
  4319 | D:6      | Reached XP level 8. HP: 31/41 MP: 1/21
  4434 | D:6      | Noticed Pikel
  4452 | D:6      | Killed Pikel
  4452 | D:6      | Reached skill level 8 in Spellcasting
  4452 | D:6      | Reached skill level 1 in Earth Magic
  4759 | D:6      | Reached skill level 9 in Spellcasting
  4820 | D:6      | Noticed Sigmund
  4871 | D:6      | Killed Sigmund
  4871 | D:6      | Reached XP level 9. HP: 46/46 MP: 13/24
  4944 | D:6      | Found a sparkling altar of Nemelex Xobeh.
  5093 | D:7      | Reached skill level 5 in Dodging
  5301 | D:7      | Offered knowledge of Throw Frost by Vehumet.
  5369 | D:7      | Reached ** piety under Vehumet
  5587 | D:7      | Found an opulent altar of Gozag.
  5800 | D:7      | Found a deep blue altar of Sif Muna.
  5896 | D:8      | Noticed a cyclops
  5912 | D:7      | Reached skill level 10 in Spellcasting
  6009 | D:8      | Found Setzy's Antique Weapon Emporium.
  6088 | D:8      | Killed a cyclops
  6451 | D:8      | Offered knowledge of Searing Ray by Vehumet.
  6461 | D:8      | Reached skill level 11 in Spellcasting
  6494 | D:8      | Reached XP level 10. HP: 50/51 MP: 13/27
  6662 | D:8      | Reached *** piety under Vehumet
  6789 | D:9      | Offered knowledge of Dazzling Spray by Vehumet.
  6924 | D:9      | Found a shattered altar of Ashenzari.
  7011 | D:9      | Reached **** piety under Vehumet
  7019 | D:9      | Offered knowledge of Fulminant Prism by Vehumet.
  7076 | D:9      | Found a staircase to the Orcish Mines.
  7185 | D:9      | Found an ancient bone altar of Kikubaaqudgha.
  7242 | D:9      | Learned a level 2 spell: Shroud of Golubria
  7440 | D:9      | Noticed Erolcha
  7449 | D:9      | Killed Erolcha
  7449 | D:9      | Reached skill level 1 in Fighting
  7929 | D:9      | Found a glowing silver altar of Zin.
  8250 | D:10     | Entered Level 10 of the Dungeon
  8291 | D:10     | Found a staircase to the Lair.
  8291 | D:10     | Noticed an elephant
  8304 | D:10     | Killed an elephant
  8304 | D:10     | Reached skill level 12 in Spellcasting
  8957 | D:10     | Reached ***** piety under Vehumet
  9076 | D:10     | Reached XP level 11. HP: 56/56 MP: 26/29
  9092 | Lair:1   | Entered Level 1 of the Lair of Beasts
  9126 | Lair:1   | Learned a level 5 spell: Iskenderun's Battlesphere
  9179 | Lair:1   | Offered knowledge of Bolt of Draining by Vehumet.
  9191 | Lair:1   | Reached skill level 10 in Conjurations
  9571 | Lair:1   | Reached skill level 10 in Fire Magic
  9836 | Lair:2   | Noticed Gastronok
 10067 | Lair:2   | Killed Gastronok
 10067 | Lair:2   | Reached skill level 13 in Spellcasting
 10067 | Lair:2   | Reached skill level 1 in Charms
 10637 | Lair:2   | Noticed Erica
 10640 | Lair:2   | Killed Erica
 10640 | Lair:2   | Reached skill level 5 in Stealth
 11028 | Lair:2   | Noticed a seven-headed hydra
 11033 | Lair:2   | Killed a seven-headed hydra
 11120 | Lair:2   | Learned a level 7 spell: Delayed Fireball
 11128 | Lair:2   | Learned a level 6 spell: Bolt of Fire
 11179 | Lair:2   | Noticed an ice dragon
 11182 | Lair:2   | Killed an ice dragon
 11182 | Lair:2   | Reached skill level 14 in Spellcasting
 11300 | Lair:1   | Learned a level 4 spell: Iskenderun's Mystic Blast
 11646 | Lair:3   | Reached XP level 12. HP: 60/60 MP: 32/32
 11745 | Lair:3   | Offered knowledge of Lightning Bolt by Vehumet.
 12039 | Lair:3   | Slain by a swamp worm

Skill      XL: |  1  2  3  4  5  6  7  8  9 10 11 |
---------------+----------------------------------+-----
Fire Magic     | 4 5 6 8 9 10 | 10.8
Spellcasting   | 4 5 6 7 9 11 12 14 | 14.4
Conjurations   | 2 3 4 5 6 8 9 11 | 11.6
Dodging        | 3 4 5 6 |  6.5
Stealth        | 3 4 5 |  5.5
Hexes          | 1 2 3 |  3.1
Earth Magic    | 1 2 3 |  3.7
Fighting       | 1 |  1.2
Charms         | 2 |  2.3
Maces & Flails | |  0.5
Translocations | |  0.4
Evocations     | |  0.4

Action                   |  1- 3 |  4- 6 |  7- 9 | 10-12 || total
-------------------------+-------+-------+-------+-------++-------
Melee: Whip              |       |     2 |    30 |    26 ||    58
       Staff             |       |       |       |     2 ||     2
 Cast: Flame Tongue      |    58 |   127 |   124 |   168 ||   477
       Conjure Flame     |     1 |     6 |    11 |     5 ||    23
       Inner Flame       |     1 |     5 |    10 |     6 ||    22
       Sticky Flame      |       |     2 |    17 |    25 ||    44
       Stone Arrow       |       |       |    14 |    40 ||    54
       Fireball          |       |       |    14 |    54 ||    68
       Shroud of Golubri |       |       |       |     3 ||     3
       Iskenderun's Myst |       |       |       |    28 ||    28
       Iskenderun's Batt |       |       |       |     9 ||     9
       Bolt of Fire      |       |       |       |     6 ||     6
       Delayed Fireball  |       |       |       |     1 ||     1
Evoke: Wand              |       |       |     3 |       ||     3
  Use: Scroll            |     5 |     3 |     6 |     9 ||    23
       Potion            |       |       |     1 |     2 ||     3
  Eat: Chunk             |       |     8 |    11 |    20 ||    39
       Fruit             |       |       |     3 |     3 ||     6
       Beef jerky        |       |       |       |     1 ||     1
Armor: Robe              |     1 |     9 |    33 |    25 ||    68
       Skin              |       |       |       |    14 ||    14
Dodge: Dodged            |     6 |    33 |    61 |    80 ||   180
